 Dungeon Crawl Stone Soup version 0.29-a0-995-g8a7feb118f (webtiles) character file.

Game seed: 63888466478614457

15395 Essalna the Fighter (level 12, -14/98 HPs)
             Began as a Djinni Conjurer on Aug 4, 2022.
             Engulfed by a cloud of freezing vapour (42 damage)
             ... on level 2 of the Lair of Beasts.
             The game lasted 00:31:45 (15768 turns).

Essalna the Fighter (Djinni Conjurer)              Turns: 15768, Time: 00:31:46

Health: -14/98     AC:  9    Str:  6    XL:     12   Next: 57%
Gold:   667        EV: 13    Int: 25    God:
                   SH:  0    Dex: 12

rFire   + + .      SeeInvis .   p - +2 whip (spect)
rCold   x . .      Faith    .   (no shield)
rNeg    . . .      Spirit   .   F - +2 robe {Archmagi}
rPois   ∞          Reflect  .   (no helmet)
rElec   .          Harm     .   (no cloak)
rCorr   .          Rampage  .   D - +0 pair of gloves
Will    +....      Archmagi +   (boots unavailable)
Stlth   ++........              (no amulet)
HPRegen 0.26/turn               h - +4 ring of protection
MPRegen 0.00/turn               (no ring)

@: flying, slowed, studying Spellcasting, very slow
A: sickness immunity, fire resistance 2, cold vulnerability 1, float, innate
caster, HP casting, extra vitality 1
a: no special abilities


You were on level 2 of the Lair of Beasts.
You visited 3 branches of the dungeon, and saw 11 of its levels.
You also visited: Sewer, Ossuary and Bailey.

You collected 667 gold pieces.

Inventory:

Hand Weapons
 p - a +2 spectral whip (weapon)
 C - a +1 demon whip of venom
Missiles
 k - 2 throwing nets
Armour
 a - a +1 robe
 c - +0 acid dragon scales
 D - a +0 pair of gloves (worn)
 F - a +2 robe of the Archmagi (worn)
Jewellery
 h - a +4 ring of protection (left hand)
 m - a +6 ring of strength
 u - a +6 ring of dexterity
Wands
 E - a wand of iceblast (3)
Scrolls
 g - 3 scrolls of amnesia
 j - 4 scrolls of blinking
 r - 4 scrolls of enchant armour
 s - 2 scrolls of fear
 v - 2 scrolls of summoning {unknown}
 w - 5 scrolls of magic mapping {unknown}
 x - 2 scrolls of teleportation
 y - a scroll of brand weapon
 z - 5 scrolls of butterflies
 A - 2 scrolls of identify
 B - 2 scrolls of torment {unknown}
Potions
 b - 5 potions of might
 d - 2 potions of attraction
 e - 7 potions of brilliance
 f - a potion of heal wounds
 i - 2 potions of haste
 l - 6 potions of curing
 n - 3 potions of degeneration
 o - 5 potions of mutation
 q - 2 potions of berserk rage
 t - a potion of invisibility {unknown}


   Skills:
 + Level 13.2 Fighting
 + Level 3.6 Armour
 + Level 4.8 Dodging
 - Level 1.5 Stealth
 + Level 12.5 Spellcasting


You had 9 spell levels left.
You knew the following spells:

 Your Spells              Type           Power      Damage    Failure   Level
a - Magic Dart            Conj           100%       1d8       1%          1
b - Searing Ray           Conj           100%       2d8       1%          2
c - Dazzling Flash        Conj/Hex       100%       N/A       1%          3
d - Fulminant Prism       Conj/Hex       43%        3d20      1%          4
e - Iskenderun's Mystic   Conj/Tloc      87%        2d17      1%          4
f - Freeze                Ice            100%       1d11      1%          1
g - Blink                 Tloc           100%       N/A       1%          2
h - Static Discharge      Conj/Air       87%        3-14/arc  1%          2
i - Ignite Poison         Fire/Tmut/Pois 87%        N/A       1%          3
j - Agony                 Necr           87%        N/A       1%          5
Your spell library was empty.

Dungeon Overview and Level Annotations

Branches:
Dungeon (8/15)             Temple (1/1) D:4            Lair (2/5) D:8
  Sewer (visited)         Ossuary (visited)          Bailey (visited)
  Swamp: Lair:2-3    Shoals: Lair:2-3     Snake: Lair:2-3    Spider: Lair:2-3

Altars:
Dithmenos
Elyvilon
Fedhas
Nemelex Xobeh
Okawaru
Trog
Uskayaw
Wu Jian
The Shining One

Shops:
D:2 =   D:5 !   D:6 *   D:7 *


Innate Abilities, Weirdness & Mutations

You are immune to sickness and miasma.
You are immune to poison.
Your flesh is very heat resistant. (rF++)
You are vulnerable to cold. (rC-)
You float through the air rather than walking.
You learn spells naturally, not from books.
Your magical power is your life essence.
You have superior vitality. (+4 MHP)


Message History

Confirm with . or Enter, or press ? or * to list all spells.
You can't see any susceptible monsters within range! (Use Z to cast anyway.)
A bog body is nearby!
You are too injured to fight recklessly!
Casting: Iskenderun's Mystic Blast (safe; 1% risk of failure)
Confirm with . or Enter, or press ? or * to list all spells.
You can't see any susceptible monsters within range! (Use Z to cast anyway.)
Casting: Iskenderun's Mystic Blast (safe; 1% risk of failure)
Confirm with . or Enter, or press ? or * to list all spells.
Aiming: Magic Dart (safe; 1% risk of failure)
Press: ? - help, Shift-Dir - straight line, f - bog body
Aim: a bog body (100% to hit)
You feel a surge of power!
The magic dart hits the bog body.
The bog body is lightly damaged.
The bog body gestures at you while chanting.
The bolt of cold misses you.
Casting: Magic Dart (safe; 1% risk of failure)
Confirm with . or Enter, or press ? or * to list all spells.
You feel a surge of power!
You erupt in a blast of force!
The mystic blast hits the bog body!!
The bog body is severely damaged.
The bog body is knocked back by the mystic blast.
The bog body misses you.
Casting: Iskenderun's Mystic Blast (safe; 1% risk of failure)
Confirm with . or Enter, or press ? or * to list all spells.
You feel a surge of power!
You erupt in a blast of force!
The mystic blast hits the bog body!
The bog body is almost destroyed.
The bog body is knocked back by the mystic blast.
The bog body casts a spell at you. The bolt of cold hits you!!
You feel a terrible chill!
There is a fountain of clear blue water here.
Casting: Iskenderun's Mystic Blast (safe; 1% risk of failure)
Confirm with . or Enter, or press ? or * to list all spells.
You feel a surge of power!
You erupt in a blast of force!
The mystic blast hits the bog body!!
You destroy the bog body!
* * * LOW HITPOINT WARNING * * *
You are engulfed in freezing vapours.
You die...

..#..... ...... ......
.... #) ♣♣♣ ...# #..
~≈≈~♣♣♣..###.#.
.......°.......
♣.†.@.......
♣~≈~♣♣♣........ ♣♣
♣♣♣♣♣♣..........
.♣♣♣♣♣♣♣♣..........##..#
........?.....#.....# ..
.............##.....#...
.......................
........................
..............#.........


There were no monsters in sight!

Vanquished Creatures
  An orc warlord (Bailey)
  2 hydras (Lair:1)
  A tengu warrior (D:8)
  A death yak (Lair:1)
  Amaemon (Lair:1)
  A bog body (Lair:2)
  Pikel (D:5)
  A black mamba (Lair:2)
  6 cane toads
  An orange demon (Lair:1)
  2 rime drakes (Lair:1)
  Maggie (D:6)
  A komodo dragon (Lair:1)
  Prince Ribbit (D:7)
  A blink frog (Lair:1)
  Sigmund (D:6)
  10 yaks (Lair:1)
  2 wyverns
  Grum (D:8)
  2 basilisks
  3 steam dragons
  Menkaure (D:5)
  A swamp worm (Lair:2)
  7 water moccasins
  4 orc warriors
  An ice beast (D:6)
  3 sky beasts
  An ogre (D:5)
  3 centaurs
  A phantom (D:5)
  9 wolves
  A lemure (D:5)
  3 kobold brigands
  2 elf zombies (Ossuary)
  4 bullfrogs
  A necrophage (D:5)
  A gnoll sergeant (D:8)
  3 scorpions
  3 howler monkeys
  4 hounds
  A lava snake (Lair:2)
  A human zombie (Ossuary)
  A jelly (D:5)
  2 orc priests
  2 iguanas
  7 orc wizards
  4 mummies (Ossuary)
  12 adders
  6 gnolls
  9 river rats (Sewer)
  3 shadow imps
  An ufetubus (D:7)
  An adder zombie (Ossuary)
  5 worms
  6 dart slugs
  22 orcs
  14 ball pythons
  5 endoplasms
  4 giant cockroaches
  8 goblins
  17 hobgoblins
  9 quokkas
  3 bats
  3 frilled lizards
  A gnoll zombie (Ossuary)
  2 goblin zombies (Ossuary)
  37 kobolds
  3 kobold zombies (Ossuary)
  An orc zombie (Ossuary)
  25 rats
  A rat zombie (Ossuary)
310 creatures vanquished.

Vanquished Creatures (others)
  5 fungi (D:8)
  13 plants
18 creatures vanquished.

Grand Total: 328 creatures vanquished

Notes
Turn   | Place    | Note
-------+----------+-------------------------------------------
     0 | D:1      | Essalna the Djinni Conjurer began the quest for the Orb.
     0 | D:1      | Essalna set off with the following spells memorised: Magic
                  | Dart, Searing Ray, Dazzling Flash, Fulminant Prism,
                  | Iskenderun's Mystic Blast.
     0 | D:1      | Reached XP level 1. HP: 15/15 MP: 0/0
   289 | D:1      | Reached XP level 2. HP: 14/22 MP: 0/0
   420 | D:1      | Reached skill level 1 in Fighting
   863 | D:1      | Reached XP level 3. HP: 23/27 MP: 0/0
   863 | D:1      | Learned a level 1 spell: Freeze
  1067 | D:1      | Found a faded altar of an unknown god.
  1549 | D:2      | Reached skill level 2 in Fighting
  1550 | D:2      | Reached XP level 4. HP: 23/33 MP: 0/0
  1746 | D:2      | Found Ryff's Jewellery Boutique.
  3039 | D:3      | Reached XP level 5. HP: 37/40 MP: 0/0
  3039 | D:3      | Learned a level 2 spell: Blink
  3289 | D:4      | Found a glowing drain.
  3304 | Sewer    | Entered a sewer
  3450 | Sewer    | Reached skill level 3 in Fighting
  3813 | Sewer    | Noticed a kobold brigand
  3868 | Sewer    | Killed a kobold brigand
  3869 | Sewer    | Reached XP level 6. HP: 36/47 MP: 0/0
  4058 | Sewer    | Reached skill level 4 in Fighting
  4426 | Sewer    | Identified the +1 ring mail "Etaif" {Str+2 Slay+2}
  4969 | D:4      | Reached XP level 7. HP: 8/53 MP: 0/0
  4969 | D:4      | Learned a level 2 spell: Static Discharge
  5362 | D:4      | Reached skill level 5 in Spellcasting
  5705 | D:4      | You are sucked into a shaft and drop 1 floor!
  5705 | D:5      | Entered Level 5 of the Dungeon
  5752 | D:5      | Reached skill level 5 in Fighting
  5823 | D:5      | Noticed Menkaure
  5827 | D:5      | Killed Menkaure
  5828 | D:5      | Reached XP level 8. HP: 24/61 MP: 0/0
  5856 | D:5      | Noticed Pikel
  6013 | D:4      | Found a staircase to the Ecumenical Temple.
  6017 | Temple   | Entered the Ecumenical Temple
  6399 | D:4      | Reached skill level 6 in Fighting
  6711 | D:5      | Found Rielujil's Distillery.
  6895 | D:5      | Killed Pikel
  6896 | D:5      | Reached skill level 7 in Fighting
  6896 | D:5      | Reached XP level 9. HP: 7/68 MP: 0/0
  6896 | D:5      | Learned a level 3 spell: Ignite Poison
  7737 | D:6      | Found a sand-covered staircase.
  7742 | Ossuary  | Entered an ossuary
  8267 | D:6      | Noticed Maggie
  8297 | D:6      | Reached skill level 8 in Fighting
  8523 | D:6      | Killed Maggie
  8802 | D:6      | Noticed Sigmund
  8807 | D:6      | Killed Sigmund
  8979 | D:6      | Reached skill level 9 in Fighting
  9408 | D:6      | Reached XP level 10. HP: 68/78 MP: 0/0
  9555 | D:6      | Found Mips's Serpentskin Sales.
  9809 | D:7      | Found Ligionoj's General Store.
  9815 | D:7      | Noticed Prince Ribbit
  9823 | D:7      | Killed Prince Ribbit
  9979 | D:7      | Found a flagged portal.
  9992 | Bailey   | Entered a bailey
 10227 | Bailey   | Noticed an orc warlord
 10253 | Bailey   | Reached skill level 10 in Fighting
 10521 | Bailey   | Found a runed translucent gate.
 10522 | Bailey   | Found a runed translucent gate.
 10523 | Bailey   | Found a runed translucent gate.
 10765 | Bailey   | Killed an orc warlord
 10783 | Bailey   | Acquired a manual of Spellcasting
 11841 | D:8      | Found a staircase to the Lair.
 11910 | D:8      | Noticed Grum
 11921 | D:8      | Killed Grum
 11922 | D:8      | Reached skill level 11 in Fighting
 11923 | D:8      | Reached XP level 11. HP: 30/87 MP: 0/0
 11923 | D:8      | Learned a level 5 spell: Agony
 12623 | D:8      | Noticed a tengu warrior
 12640 | D:8      | Killed a tengu warrior
 12641 | D:8      | Reached skill level 10 in Spellcasting
 12943 | Lair:1   | Entered Level 1 of the Lair of Beasts
 12957 | Lair:1   | Reached skill level 12 in Fighting
 13409 | Lair:1   | Noticed Amaemon
 13434 | Lair:1   | Killed Amaemon
 14376 | Lair:1   | Noticed a death yak
 14381 | Lair:1   | Reached XP level 12. HP: 88/96 MP: 0/0
 14384 | Lair:1   | Killed a death yak
 14385 | Lair:1   | Reached skill level 1 in Armour
 14841 | Lair:1   | Noticed a four-headed hydra
 14850 | Lair:1   | Killed a four-headed hydra
 14851 | Lair:1   | Reached skill level 13 in Fighting
 15275 | Lair:1   | Noticed a five-headed hydra
 15281 | Lair:1   | Killed a five-headed hydra
 15768 | Lair:2   | Engulfed by a cloud of freezing vapour

Illustrated notes

Levels and vault maps discovered:
D:1:      scummos_arrival_simple_fountains, layout_loops_ring,
          shapermc_ecumenical_altar_notcrosses
D:2:      layout_basic, serial_shops, shop
D:3:      layout_loops_ring
D:4:      kb_forest_paths, layout_basic, minmay_temple_entry_grid,
          cheibrodos_sewer_entry_sluice, kennysheep_flooded_box, minmay_cupped
D:5:      layout_loops_cross, serial_shops, shop, chequers_avenue,
          uniq_menkaure, uniq_pikel
D:6:      layout_cave_pools, serial_glass, glass_columns_a, glass_columns_a,
          enter_ossuary_2, guppyfry_shop_venom, uniq_sigmund, uniq_maggie
D:7:      layout_loops_cross, serial_shops, nicolae_square_shop, enter_bailey_5,
          uniq_prince_ribbit1
D:8:      layout_rooms, dpeg_oklobed_lair, serial_shops, nicolae_lakefront_shop,
          grunt_ministairs_14, hellmonk_guarded_unrand_lears, uniq_joseph,
          uniq_grum, uniq_maurice, uniq_erica
Temple:   nicolae_temple_ecumenical_triangle
Lair:1:   layout_hall_layers, chequers_serial_rivers_marsh,
          minmay_shattered_shrine, uniq_amaemon
Lair:2:   layout_gridlike, nicolae_swamp_entry_splash_gauntlet

Skill      XL: |  1  2  3  4  5  6  7  8  9 10 11 12 |
---------------+-------------------------------------+-----
Fighting       | 1 2 3 4 5 7 9 11 12 13 | 13.2
Spellcasting   | 4 5 6 7 9 11 12 | 12.5
Armour         | 3 |  3.6
Dodging        | 4 |  4.8
Stealth        | |  1.5

Action                   |  1- 3 |  4- 6 |  7- 9 | 10-12 || total
-------------------------+-------+-------+-------+-------++-------
Melee: Whip              |       |       |    26 |    34 ||    60
       Punch             |       |       |     1 |       ||     1
 Cast: Magic Dart        |    59 |   163 |    92 |   180 ||   494
       Searing Ray       |       |    11 |    16 |    21 ||    48
       Blink             |       |     1 |       |       ||     1
       Iskenderun's Myst |       |     1 |    37 |   115 ||   153
       Agony             |       |       |       |     5 ||     5
Evoke: Wand              |       |       |       |     5 ||     5
  Use: Scroll            |       |    11 |    10 |     3 ||    24
       Potion            |       |       |     2 |     2 ||     4
Armor: Robe              |     1 |    15 |     8 |     1 ||    25
       Acid dragon scale |       |       |     7 |    60 ||    67
Dodge: Dodged            |     6 |    35 |    58 |    73 ||   172

Table legend: (Time is in decaauts)
 A = Elapsed time spent in this place.
 B = Non-inter-level travel time spent in this place.
 C = Inter-level travel time spent in this place.
 D = Time resting spent in this place.
 E = Time spent auto-exploring this place.
 F = Levels seen in this place.
 G = Mean time per level.
                   A        B        C        D        E       F      G
               +--------+--------+--------+--------+--------+-----+--------+
         Total |  15775 |  15466 |    309 |   1159 |  12428 |  14 | 1126.8 |
       Dungeon |   9942 |   9639 |    303 |    822 |   7803 |   8 | 1242.8 |
        Temple |     46 |     46 |      0 |      0 |     18 |   1 |   46.0 |
          Lair |   2828 |   2822 |      6 |    337 |   2201 |   2 | 1414.0 |
         Sewer |   1494 |   1494 |      0 |      0 |   1233 |   1 | 1494.0 |
       Ossuary |    418 |    418 |      0 |      0 |    356 |   1 |  418.0 |
        Bailey |   1043 |   1043 |      0 |      0 |    817 |   1 | 1043.0 |
               +--------+--------+--------+--------+--------+-----+--------+

Top non-repeatable levels by time:
  Lair:1: 2447 daAuts
   Sewer: 1494 daAuts
     D:4: 1458 daAuts
     D:6: 1440 daAuts
     D:1: 1416 daAuts
     D:5: 1391 daAuts
     D:8: 1112 daAuts
     D:2: 1083 daAuts
  Bailey: 1043 daAuts
     D:3: 1028 daAuts
     D:7: 1010 daAuts
 Ossuary: 418 daAuts
  Lair:2: 380 daAuts
  Temple: 46 daAuts
